 Dungeon Crawl Stone Soup version 0.16-a0-956-g65bd446 (webtiles) character file.

5044 PolkaDot the Summoner (level 10, -7/76 HPs)
             Began as a Vampire Summoner on Oct 1, 2014.
             Was a Follower of Sif Muna.
             Mangled by an ettin
             ... wielding a +0 dire flail
              (45 damage)
             ... on Level 10 of the Dungeon.
             The game lasted 00:47:29 (12213 turns).

PolkaDot the Summoner (Vampire Summoner)           Turns: 12213, Time: 00:47:29

HP  -7/76        AC 11     Str  9      XL: 10   Next: 30%
MP  19/20        EV 14     Int 20      God: Sif Muna [*.....]
Gold 497         SH  7     Dex 12      Spells:  6 memorised,  3 levels left

rFire  + . .     SeeInvis +     C - +3 falchion
rCold  + . .     Clarity  .     D - +1 leather armour {rC+}
rNeg   . . .     rCorr    .     E - +2 buckler
rPois  .         rRot     .     o - +0 hat
rElec  .         Spirit   .     I - +0 cloak
SustAb .         Warding  .     (no gloves)
rMut   .         Stasis   .     j - +1 pair of boots
Gourm  .                        (no amulet)
MR     +....                    w - +4 ring of protection
                                f - +3 ring of evasion

@: regenerating very quickly, somewhat resistant to hostile enchantments,
unstealthy
A: bottle blood, fangs 3, see invisible, clumsy 1, fire resistance 1, strong 1,
wild magic 1, unbreathing
a: Bottle Blood, Channel Energy, Renounce Religion


You were on level 10 of the Dungeon.
You worshipped Sif Muna.
Sif Muna was aware of your devotion.
You were almost alive.

You visited 2 branches of the dungeon, and saw 11 of its levels.
You also visited: Sewer.

You collected 497 gold pieces.

Inventory:

Hand weapons
 C - a +3 falchion (weapon)
Missiles
 c - a throwing net (quivered)
Armour
 j - a +1 pair of boots (worn)
 o - a +0 hat (worn)
 D - a +1 leather armour of cold resistance (worn)
 E - a +2 buckler (worn)
 I - a +0 cloak (worn)
Magical devices
 y - a wand of cold (2)
 A - a wand of paralysis (7)
 B - a wand of fireball (3)
 G - a wand of enslavement (8)
Scrolls
 a - 2 scrolls of remove curse
 e - a scroll of summoning {unknown}
 g - a scroll of immolation {unknown}
 k - a scroll of fog
 l - a scroll of torment {unknown}
 m - a scroll of recharging
 n - 2 scrolls of teleportation
 F - a scroll of silence {unknown}
Jewellery
 f - a +3 ring of evasion (left hand)
 w - a +4 ring of protection (right hand)
Potions
 d - 3 potions of restore abilities
 h - 2 potions of resistance
 i - a potion of invisibility {unknown}
 p - 2 potions of agility
 q - 3 potions of magic
 r - 3 potions of curing
 s - 2 potions of haste {unknown}
 t - 4 potions of flight {unknown}
 u - 5 potions of heal wounds {unknown}
 v - a potion of brilliance {unknown}
 x - 7 potions of blood {@*1}
 z - a potion of berserk rage {unknown}
 H - 2 potions of cancellation {unknown}
Books
 b - a book of Callings

   Spells                             Type                      Level
   *Summon Small Mammal               Summoning                    1
   *Call Imp                          Summoning                    2
   *Call Canine Familiar              Summoning                    3
   Summon Guardian Golem              Hexes/Summoning              4
   Summon Lightning Spire             Summoning/Air                4
   *Summon Ice Beast                  Ice/Summoning                4


   Skills:
 - Level 6.1 Fighting
 - Level 3.2 Dodging
 - Level 3.0 Stealth
 - Level 5.1 Shields
 - Level 3.8 Spellcasting
 + Level 10.9 Summonings
 + Level 1.6 Translocations
 * Level 4.8 Ice Magic


You had 3 spell levels left.
You knew the following spells:

 Your Spells              Type           Power        Failure   Level  Hunger
a - Summon Small Mammal   Summ           ####         1%          1    None
d - Call Canine Familiar  Summ           ######..     2%          3    ###....
i - Summon Ice Beast      Ice/Summ       ######..     16%         4    ####...
q - Blink                 Tloc           N/A          22%         2    #......
s - Call Imp              Summ           ######..     1%          2    #......
A - Apportation           Tloc           ###.......   19%         1    None


Dungeon Overview and Level Annotations

Branches:
Dungeon (10/15)            Temple (1/1) D:6            Lair (0/8) D:8
    Orc: D:9-12

Altars:
Ashenzari
Cheibriados
Dithmenos
Elyvilon
Fedhas
Gozag
Kikubaaqudgha
Makhleb
Nemelex Xobeh
Okawaru
Qazlal
Ru
Sif Muna
Trog
Vehumet
Xom
Yredelemnul
Zin
The Shining One


Innate Abilities, Weirdness & Mutations

Your natural rate of healing is extremely fast.
You can bottle blood from corpses.
You have razor-sharp teeth.
You have supernaturally acute eyesight.
You can survive without breathing.
You are clumsy. (Dex -2)
Your flesh is heat resistant.
Your muscles are strong. (Str +2)
Your spells are a little harder to cast, but a little more powerful.


Message History

You channel some magical energy.
You feel somewhat less full.
Use which ability? (? or * to list)
You channel some magical energy.
You feel somewhat less full.
Drink which item? (? for menu, Esc to quit)
Yummy - fresh blood!
Drink which item? (? for menu, Esc to quit)
You are much too full right now.
You swap places.
There is an open door here.
You see here 3 large rocks.
You open the door.
An ettin comes into view.
It is wielding a dire flail and a glowing dire flail.
The ettin shouts in stereo!
You hear an angry hiss.
You hit the ettin but do no damage. The ettin misses you.
The ettin hits you with a glowing dire flail!!!
Ouch! That really hurt!
* * * LOW HITPOINT WARNING * * *
You convulse!!!
Ouch! That really hurt!
You die...

... .....# #######....#.
#..#..#....#..+ ..#
+..C..#....#.. #........#
#@##....#.. ... #........#
#YY#....#.##.... #........#
#Yh#....#.#.....#. #........#
#'##..###.#.....#. #........#
#..#......#.....#. #........#
#..#......#.....#.
#........########'#......#.....#.
#........................'.....#.
#.......#Y........#......#######.


You could see an ettin, 3 friendly ice beasts and a friendly wolf.

Vanquished Creatures
  Grinder (D:5)
  A troll (D:10)
  2 hungry ghosts
  Edmund (D:9)
  A sky beast (D:9)
  A phantom (D:8)
  2 centaurs (D:7)
  A necrophage (D:8)
  4 ogres
  A crocodile (D:8)
  A giant frog (D:9)
  3 big kobolds
  A scorpion (D:3)
  2 wights (D:10)
  2 killer bees (D:8)
  2 goliath beetles
  Dowan (D:6)
  3 hounds
  An orc priest (D:10)
  4 orc wizards
  A giant frog skeleton (D:6)
  2 iguanas
  Natasha (twice) (D:3)
  4 worker ants
  A mottled dragon zombie (D:9)
  10 adders
  3 gnolls (D:7)
  A green rat (D:3)
  A giant mite (D:6)
  2 worms (Sewer)
  An adder zombie (D:8)
  An ooze (Sewer)
  9 orcs
  4 ball pythons
  6 bats
  4 giant cockroaches
  10 hobgoblins
  2 quokkas
  2 giant newts
  14 goblins
  2 hobgoblin zombies
  5 jackals
  18 kobolds
  3 orc skeletons
  An orc zombie (D:5)
  51 rats
  2 ballistomycetes
197 creatures vanquished.

Vanquished Creatures (collateral kills)
  Pikel (D:6)
  A cyclops (D:10)
  A troll (D:10)
  Prince Ribbit (D:9)
  A wyvern (D:10)
  Menkaure (D:5)
  A water moccasin (D:7)
  A phantom (D:7)
  A yellow wasp (D:10)
  2 ogres
  2 black bears
  2 orc warriors
  2 necrophages
  A centaur (D:8)
  Duvessa (D:6)
  A giant frog (D:9)
  A big kobold (Sewer)
  4 killer bees (D:8)
  2 scorpions (D:8)
  3 wights (D:10)
  A hippogriff skeleton (D:7)
  3 goliath beetles (D:8)
  2 jellies
  3 orc priests
  An iguana (D:7)
  5 orc wizards
  4 worker ants
  A hound skeleton (D:8)
  A gnoll (D:1)
  A scorpion zombie (D:5)
  Natasha (D:3)
  6 green rats
  A shadow imp (D:9)
  6 adders
  A giant mite (D:8)
  3 worms
  A giant gecko (D:7)
  13 orcs
  A ball python (Sewer)
  3 giant cockroaches
  5 hobgoblins
  11 kobolds
  2 bats
  A giant newt (D:1)
  2 goblins (D:1)
  4 jackals (D:2)
  An orc zombie (D:8)
  2 rats (D:3)
  A ballistomycete (D:7)
  A butterfly (D:8)
118 creatures vanquished.

Vanquished Creatures (others)
  An ice beast (D:10)
  3 wolves
  5 wargs
  2 slaves (D:6)
  2 crimson imps (D:8)
  7 hounds
  An orc wizard (D:7)
  An adder (D:6)
  5 shadow imps
  3 white imps
  2 quokkas
  3 bats (D:8)
  2 giant spores
  A rat (D:6)
  A butterfly (D:8)
39 creatures vanquished.

Grand Total: 354 creatures vanquished

Notes
Turn   | Place    | Note
--------------------------------------------------------------
     0 | D:1      | PolkaDot, the Vampire Summoner, began the quest for the Orb.
     0 | D:1      | Reached XP level 1. HP: 13/13 MP: 3/3
   372 | D:1      | Reached XP level 2. HP: 8/20 MP: 4/4
   565 | D:1      | Learned a level 2 spell: Call Imp
   803 | D:1      | Reached skill level 1 in Fighting
   944 | D:1      | Reached XP level 3. HP: 26/26 MP: 0/6
   954 | D:1      | Learned a level 3 spell: Call Canine Familiar
  2133 | D:3      | Noticed Natasha
  2149 | D:3      | Killed Natasha
  2149 | D:3      | Reached XP level 4. HP: 24/33 MP: 0/7
  2304 | D:3      | Noticed Natasha
  2328 | D:3      | Killed Natasha
  2390 | D:3      | Found a glowing drain.
  2393 | D:3      | Reached skill level 1 in Shields
  2421 | D:3      | Reached skill level 5 in Summonings
  2433 | Sewer    | Entered a sewer
  2458 | Sewer    | Reached XP level 5. HP: 35/38 MP: 3/9
  2509 | Sewer    | Learned a level 2 spell: Blink
  2921 | Sewer    | Noticed a big kobold
  2921 | Sewer    | Noticed a big kobold
  2936 | Sewer    | Killed a big kobold
  2949 | Sewer    | Killed a big kobold
  2949 | Sewer    | Reached XP level 6. HP: 27/46 MP: 2/11
  3137 | Sewer    | Learned a level 1 spell: Apportation
  3704 | Sewer    | Noticed a big kobold
  3732 | Sewer    | Killed a big kobold
  3959 | D:3      | Reached skill level 6 in Summonings
  3989 | D:3      | Found a deep blue altar of Sif Muna.
  4014 | D:3      | Noticed a scorpion
  4055 | D:3      | Killed a scorpion
  4335 | D:3      | Noticed Natasha
  4341 | D:3      | Killed Natasha
  4926 | D:3      | Gained mutation: You are clumsy. (Dex -2) [potion of mutation]
  4926 | D:3      | Gained mutation: Your flesh is heat resistant. [potion of mutation]
  5014 | D:4      | Reached XP level 7. HP: 43/52 MP: 13/13
  5810 | D:5      | Entered Level 5 of the Dungeon
  6103 | D:5      | Noticed Grinder
  6116 | D:5      | Paralysed by Grinder for 3 turns
  6122 | D:5      | Killed Grinder
  6122 | D:5      | Reached skill level 7 in Summonings
  6187 | D:5      | Noticed Menkaure
  6232 | D:5      | Killed Menkaure
  6238 | D:5      | Learned a level 4 spell: Summon Ice Beast
  6644 | D:6      | Noticed Duvessa
  6645 | D:6      | Noticed Dowan
  6665 | D:6      | Killed Duvessa
  6682 | D:6      | Killed Dowan
  6856 | D:6      | Reached XP level 8. HP: 52/60 MP: 17/17
  6952 | D:6      | Found a stormy altar of Qazlal.
  6968 | D:6      | Found a staircase to the Ecumenical Temple.
  6995 | Temple   | Entered the Ecumenical Temple
  7550 | D:6      | Noticed Pikel
  7599 | D:6      | Killed Pikel
  7599 | D:6      | Reached skill level 8 in Summonings
  8302 | D:7      | Reached skill level 5 in Fighting
  8429 | D:7      | Found a snail-covered altar of Cheibriados.
  8487 | D:7      | Found a shadowy altar of Dithmenos.
  8514 | D:7      | Reached skill level 9 in Summonings
  8521 | D:7      | Found a burning altar of Makhleb.
  8549 | D:7      | Found an ancient bone altar of Kikubaaqudgha.
  8674 | D:7      | Got a steaming plate armour
  8685 | D:7      | Identified the cursed +2 plate armour of Indomitability {+Inv +Fly} (You took it off a hobgoblin on level 7 of the Dungeon)
  8765 | D:7      | Reached XP level 9. HP: 59/68 MP: 18/18
  9383 | D:8      | Gained mutation: Your muscles are strong. (Str +2) [potion of mutation]
  9383 | D:8      | Gained mutation: Your spells are a little harder to cast, but a little more powerful. [potion of mutation]
  9410 | D:8      | Found a burning altar of Makhleb.
  9613 | D:8      | Found a staircase to the Lair.
  9864 | D:8      | Reached skill level 10 in Summonings
 10443 | D:3      | Became a worshipper of Sif Muna the Loreminder
 10641 | D:8      | Reached skill level 1 in Ice Magic
 11127 | D:9      | Noticed Prince Ribbit
 11136 | D:9      | Killed Prince Ribbit
 11236 | D:9      | Found an opulent altar of Gozag.
 11318 | D:9      | Acquired Sif Muna's first power
 11341 | D:9      | Noticed Edmund
 11364 | D:9      | Killed Edmund
 11364 | D:9      | Reached XP level 10. HP: 49/76 MP: 20/20
 11393 | D:9      | Reached skill level 5 in Shields
 11793 | D:10     | Entered Level 10 of the Dungeon
 11881 | D:10     | Reached skill level 1 in Translocations
 12175 | D:10     | Noticed a cyclops
 12198 | D:10     | Killed a cyclops
 12212 | D:10     | Noticed an ettin
 12213 | D:10     | Mangled by an ettin

Action                   |  1- 3 |  4- 6 |  7- 9 | 10-12 || total
-------------------------+-------+-------+-------+-------++-------
Melee: Unarmed           |    19 |       |       |       ||    19
       Dagger            |    47 |       |       |       ||    47
       Short sword       |   151 |   328 |   110 |       ||   589
       Falchion          |       |       |   466 |    90 ||   556
 Cast: Summon Small Mamm |     6 |     1 |    12 |       ||    19
       Call Imp          |     5 |    12 |    23 |     1 ||    41
       Call Canine Famil |     4 |    13 |    24 |     8 ||    49
       Summon Ice Beast  |       |       |     2 |    11 ||    13
Invok: Channel Energy    |       |       |       |    26 ||    26
 Abil: Bottle Blood      |       |     4 |    38 |    10 ||    52
       End Transformatio |       |     1 |       |       ||     1
       Bat Form          |       |     1 |       |       ||     1
Evoke: Wand              |       |     7 |     5 |       ||    12
  Use: Potion            |     3 |     3 |    44 |    12 ||    62
       Scroll            |     7 |     2 |    11 |     1 ||    21
 Stab: Sleeping          |     3 |     1 |     8 |     1 ||    13
       Distracted        |       |     1 |     3 |       ||     4
  Eat: Corpse            |    23 |    15 |       |       ||    38
